 Dungeon Crawl Stone Soup version 0.24-a0-451-g263dff2034 (webtiles) character file.

Game seed: 3960313154623307321

72 Peloso the Shield-Bearer (level 4, -1/40 HPs)
             Began as a Minotaur Fighter on June 26, 2019.
             Slain by a gnoll
             ... wielding a +0 halberd
              (7 damage)
             ... on level 2 of the Dungeon.
             The game lasted 00:01:34 (984 turns).

Peloso the Shield-Bearer (Minotaur Fighter)          Turns: 984, Time: 00:01:35

Health: -1/40      AC:  7    Str: 21    XL:     4   Next: 6%
Magic:  3/3        EV:  7    Int:  5    God:
Gold:   67         SH:  9    Dex: 10    Spells: 3/3 levels left

rFire    . . .     SeeInvis .   a - +0 long sword
rCold    . . .     Gourm    .   c - +0 shield
rNeg     . . .     Faith    .   b - +0 scale mail
rPois    .         Spirit   .   (helmet restricted)
rElec    .         Reflect  .   (no cloak)
rCorr    .         Harm     .   (no gloves)
MR       .....                  (no boots)
Stlth    ..........             (no amulet)
HPRegen  0.13/turn              (no ring)
MPRegen  0.08/turn              (no ring)

@: no status effects
A: retaliatory headbutt, horns 2
a: no special abilities


You were on level 2 of the Dungeon.
You were not hungry.

You visited 1 branch of the dungeon, and saw 2 of its levels.

You collected 67 gold pieces.

Inventory:

Hand Weapons
 a - a +0 long sword (weapon)
Missiles
 e - 19 poisoned darts (quivered)
Armour
 b - a +0 scale mail (worn)
 c - a +0 shield (worn)
Jewellery
 i - an uncursed amulet of harm {unknown}
Scrolls
 g - a scroll of enchant armour {unknown}
 h - a scroll of fear {unknown}
 j - a scroll of enchant weapon {unknown}
Potions
 d - a potion of might
 k - a potion of flight {unknown}
Comestibles
 f - 2 rations


   Skills:
 + Level 4.1 Fighting
 + Level 3.3 Long Blades
 + Level 4.3 Armour
 + Level 0.1 Dodging
 + Level 4.4 Shields


You had 3 spell levels left.
You didn't know any spells.
Your spell library was empty.

Dungeon Overview and Level Annotations

Branches:
Dungeon (2/15)

Altars:


Innate Abilities, Weirdness & Mutations

You reflexively headbutt those who attack you in melee.
You have a pair of horns on your head.


Message History

The gnoll hits you but does no damage. You block the worm's attack.
Unknown command.
You hit the gnoll. You headbutt the gnoll.
The gnoll is heavily wounded.
The gnoll hits you with a +0 halberd!
* * * LOW HITPOINT WARNING * * *
You block the worm's attack.
You completely miss the gnoll.
The gnoll is heavily wounded.
The gnoll hits you but does no damage.
You hit the gnoll. You headbutt the gnoll.
The gnoll is severely wounded.
You block the gnoll's attack. The worm barely misses you.
You riposte.
The gnoll shouts!
You hit the worm but do no damage.
The worm is moderately wounded.
You barely miss the gnoll.
The gnoll is severely wounded.
The gnoll hits you with a +0 halberd!
You die...

###......### # ##........#
. .. ##<......#>######.#
...........###.##.........
.w.....##.....†...........
##.###.#..####†#####.#####
.....w....# #..####..#
........#w# #..#....##
.......##@###....####
.......##g##....##
........gs....#.#
......!##.##..#.# ..gg...
#.##.##.. ..g....
#.##.##### ......b #.##.#
....... ..##.# .......
...#.#


You could see a worm, a scorpion and 2 gnolls.

Vanquished Creatures
  A gnoll (D:2)
  2 adders (D:2)
  2 oozes (D:1)
  3 dart slugs (D:1)
  A ball python (D:1)
  3 bats (D:2)
  2 giant cockroaches
  4 goblins (D:1)
  2 hobgoblins (D:1)
  4 kobolds (D:1)
  4 frilled lizards (D:1)
  5 rats (D:1)
33 creatures vanquished.

Notes
Turn   | Place    | Note
-------+----------+-------------------------------------------
     0 | D:1      | Peloso the Minotaur Fighter began the quest for the Orb.
     0 | D:1      | Reached XP level 1. HP: 19/19 MP: 0/0
   207 | D:1      | Reached XP level 2. HP: 24/27 MP: 1/1
   502 | D:1      | Reached XP level 3. HP: 33/33 MP: 2/2
   973 | D:2      | Noticed a scorpion
   979 | D:2      | Reached XP level 4. HP: 28/40 MP: 3/3
   984 | D:2      | Slain by a gnoll

Levels and vault maps discovered:
D:1:      zaba_arrival_water, layout_basic, chequers_serial_rivers_micro_c
D:2:      layout_rooms, overflow_temple_1_default, overflow_temple_1_default,
          first_ration, uniq_sigmund

Skill      XL: |  1  2  3 |
---------------+----------+-----
Shields        | 4 |  4.4
Armour         | 4 |  4.3
Fighting       | 4 |  4.1
Long Blades    | 3 |  3.3
Dodging        | |  0.1

Action                   |  1- 3 |  4- 6 || total
-------------------------+-------+-------++-------
Melee: Long sword        |    74 |     5 ||    79
       Headbutt          |    12 |     3 ||    15
Armor: Scale mail        |    35 |     2 ||    37
Dodge: Dodged            |    32 |     1 ||    33
Block: Shield            |    40 |     3 ||    43
       Rpst.: Long sword |    10 |     1 ||    11

Table legend:
 A = Non-vault XP
 B = Vault XP
 C = Vault XP percentage of total XP
 D = Non-vault monster count
 E = Vault monster count
 F = Vault count percentage of total count
                 A         B        C        D         E       F
            +---------+---------+-------+---------+---------+-------
      Total |     103 |       0 |   0.0 |      33 |       0 |   0.0
            +---------+---------+-------+---------+---------+-------
        D:1 |      56 |       0 |   0.0 |      26 |       0 |   0.0
        D:2 |      47 |       0 |   0.0 |       7 |       0 |   0.0
            +---------+---------+-------+---------+---------+-------
